 Dungeon Crawl Stone Soup version 0.31.0-11-ge490571c62 (webtiles) character file.

Game seed: 17336588165269518747

144 qw the Ducker (level 5, -1/26 HPs)
             Began as a Spriggan Hunter on Feb 3, 2024.
             Slain by a killer bee (6 damage)
             ... on level 4 of the Dungeon.
             The game lasted 00:00:09 (2208 turns).

qw the Ducker (Spriggan Hunter)                     Turns: 2208, Time: 00:00:09

Health: -1/26      AC:  2    Str:  5 (7)  XL:     5   Next: 5%
Magic:  6/6        EV: 25    Int: 11      God:
Gold:   245        SH:  0    Dex: 20      Spells: 4/4 levels left

rFire   . . .        a - +0 shortbow
rCold   . . .        (shield currently unavailable)
rNeg    . . .        c - +0 robe
rPois   .            (helmet restricted)
rElec   .            (no cloak)
rCorr   +            (gloves unavailable)
SInv    +            (boots unavailable)
Will    .....        (no amulet)
Stlth   ++           d - +5 ring of evasion
HPRegen 0.24/turn    j - ring of resist corrosion
MPRegen 0.10/turn

%: no passive effects
@: lethally poisoned (-1 -> -5), about to teleport, very quick
A: very small, no large weapons, unfitting armour, see invisible, speed 3
a: no special abilities


You were on level 4 of the Dungeon.
You visited 1 branch of the dungeon, and saw 4 of its levels.

You collected 245 gold pieces.


Innate Abilities, Weirdness & Mutations

You are very small and have problems with some larger weapons.
You are too small for most types of armour.
You have supernaturally acute eyesight. (SInv)
You cover ground extremely quickly. (Speed+++)


   Skills:
 - Level 2.0 Fighting
 + Level 5.0 Ranged Weapons
 - Level 5.3 Dodging
 - Level 1.5 Stealth


You had 4 spell levels left.
You didn't know any spells.
Your spell library was empty.

Inventory:

Hand Weapons
 a - a +0 shortbow (weapon)
Armour
 c - a +0 robe (worn)
Jewellery
 d - a +5 ring of evasion (left hand)
 j - a ring of resist corrosion (right hand)
 k - the ring of Law {Fly rElec Int+6 Stlth+}
   (You found it on level 4 of the Dungeon)

   [ring of intelligence]

   Int+6:     It affects your intelligence (+6).
   rElec:     It insulates you from electricity.
   Fly:       It grants you flight.
   Stlth+:    It makes you more stealthy.
Scrolls
 b - 2 scrolls of teleportation
 e - a scroll of identify
Potions
 f - a potion of mutation
 g - a potion of might
 h - a potion of brilliance {unknown}
 i - a potion of enlightenment {unknown}
 l - a potion of haste {unknown}
 m - a potion of curing {unknown}
 n - a potion of heal wounds {unknown}

Dungeon Overview and Level Annotations

Branches:
Dungeon (4/15)
 Temple: D:4-7

Altars:
Kikubaaqudgha
Yredelemnul


Message History

You feel sick. The killer bee closely misses you.
You shoot an arrow. The arrow hits the killer bee.
The killer bee is heavily wounded.
You feel sick.
You hear an angry buzzing noise.
The killer bee barely misses you. The killer bee closely misses you. x2
The killer bee completely misses you.
2202 ||| RETREEEEATING.
You feel sick.
You shoot an arrow.
The arrow hits the killer bee but does no damage.
The killer bee is heavily wounded.
You feel sick. The killer bee completely misses you.
You shoot an arrow.
The arrow hits the killer bee but does no damage.
You feel sick. The killer bee misses you. The killer bee closely misses you.
The killer bee misses you.
You shoot an arrow. The arrow misses the killer bee.
The arrow hits the killer bee but does no damage.
The killer bee is heavily wounded.
You feel sick.
You are no longer poisoned.
You hear an angry buzzing noise.
The killer bee stings you!
You are poisoned.
The killer bee poisons you! The killer bee barely misses you.
You shoot an arrow.
The arrow closely misses the killer bee.
The arrow barely misses the killer bee.
You feel sick. The killer bee misses you. The killer bee closely misses you.
You shoot an arrow. The arrow misses the killer bee.
The arrow hits the killer bee.
The killer bee is severely wounded.
You feel sick. The killer bee closely misses you.
The killer bee completely misses you.
2208 ||| READING 3 scrolls of teleportation.
As you read the scroll of teleportation, it crumbles to dust.
You feel strangely unstable.
You feel sick. The killer bee completely misses you. The killer bee stings you.
You die...

..#.####.#..# #..#.#
.....###.#..### #..#
# .....<...#.... ...#
.......####.## #..#
.............###.#..#
.......###..%....#..#
#......# #.#.#####..#
##...#.#
#.#.#####..#.##.
##.##.#
#.#....@yy...... #.
#.# #.#######y#####.
#. #.# #.# .# #.# #.#
y# #.# .# .# ##


You could see 3 killer bees.

Vanquished Creatures
  A jelly (D:4)
  2 adders (D:2)
  3 ribbon worms
  2 dart slugs
  An orc (D:3)
  8 bats
  9 endoplasms
  6 giant cockroaches
  A goblin (D:3)
  6 hobgoblins
  11 jackals
  5 kobolds
  6 quokkas
  4 ball pythons
  6 frilled lizards
  6 rats
77 creatures vanquished.

Notes
Turn   | Place    | Note
-------+----------+-------------------------------------------
     0 | D:1      | qw the Spriggan Hunter began the quest for the Orb.
     0 | D:1      | Reached XP level 1. HP: 10/10 MP: 2/2
     0 | D:1      | 0 ||| qw: Version: 0.3-a-157-g843a77d
     0 | D:1      | 0 ||| qw: Game counter: 4038
     0 | D:1      | 0 ||| qw: Melee chars always use a shield: true
     0 | D:1      | 0 ||| qw: God list: Okawaru
     0 | D:1      | 0 ||| qw: Allow faded altars: false
     0 | D:1      | 0 ||| qw: Do Orc after clearing Dungeon:15 true
     0 | D:1      | 0 ||| qw: Do second Lair branch before Depths: true
     0 | D:1      | 0 ||| qw: Lair rune preference: random
     0 | D:1      | 0 ||| qw: Goals: Normal
     0 | D:1      | 0 ||| PLANNING D:1-11
    57 | D:1      | Reached skill level 3 in Dodging
   162 | D:1      | Reached XP level 2. HP: 14/14 MP: 3/3
   318 | D:1      | Reached XP level 3. HP: 18/18 MP: 4/4
   351 | D:1      | Found a faded altar of an unknown god.
   678 | D:1      | 678 ||| UPGRADING to +5 ring of evasion.
   679 | D:1      | 679 ||| READING scroll labelled SAUKHY MESM.
   680 | D:1      | 680 ||| READING scroll labelled UBIEJU HICLEURIA.
   681 | D:1      | 681 ||| READING 2 scrolls labelled COSCHUE LYJOO.
   782 | D:1      | 782 ||| DRINKING 2 fuming cyan potions.
   783 | D:1      | 783 ||| DROPPING scroll of butterflies.
   784 | D:1      | 784 ||| DROPPING potion of degeneration.
   785 | D:1      | 785 ||| DROPPING scroll of vulnerability.
   822 | D:2      | 822 ||| STAIRDANCE
   827 | D:2      | 827 ||| STAIRDANCE
  1055 | D:2      | Found an ancient bone altar of Kikubaaqudgha.
  1071 | D:2      | Reached XP level 4. HP: 23/23 MP: 5/5
  1437 | D:2      | 1437 ||| UPGRADING to ring of resist corrosion.
  1438 | D:2      | 1438 ||| READING 2 scrolls labelled RECAIK QOUG.
  1442 | D:2      | 1442 ||| READING 2 scrolls labelled WYOLAONTIO.
  1442 | D:2      | 1442 ||| IDENTIFYING fuming emerald potion
  1443 | D:2      | 1443 ||| READING scroll of identify.
  1443 | D:2      | 1443 ||| IDENTIFYING amethyst potion
  1933 | D:3      | Found a basalt altar of Yredelemnul.
  2132 | D:3      | 2132 ||| READING scroll labelled ZEF HEETZUNLIU.
  2133 | D:3      | 2133 ||| READING scroll labelled URGHAL MUIFUKU.
  2133 | D:3      | 2133 ||| ENCHANTING +0 shortbow.
  2165 | D:4      | Identified the ring of Law {Fly rElec Int+6 Stlth+}
  2177 | D:4      | Reached XP level 5. HP: 26/26 MP: 6/6
  2202 | D:4      | 2202 ||| RETREEEEATING.
  2207 | D:4      | HP: 5/26 [poisoned by a killer bee]
  2208 | D:4      | 2208 ||| READING 3 scrolls of teleportation.
  2208 | D:4      | Slain by a killer bee

Levels and vault maps discovered:
D:1:      psy_arrival_statuary, layout_loops_ring,
          shapermc_ecumenical_altar_starsandcircs
D:2:      layout_loops_ring, basic_altar, hangedman_decor_points,
          minmay_tromino_mix6
D:3:      layout_basic, mainiacjoe_overflow_small_starburst
D:4:      layout_loops_ring, nicolae_overflow_hidden_temple, serial_forest,
          infiniplex_forest_lined_corner, infiniplex_forest_lined_corner,
          infiniplex_forest_straight_1, infiniplex_forest_end_2,
          infiniplex_forest_lined_3, infiniplex_forest_clump_tiny,
          infiniplex_forest_straight_3, infiniplex_forest_lined_3,
          infiniplex_forest_straight_3, nicolae_shop_i_like_big_books

Skill      XL: |  1  2  3  4 |
---------------+-------------+-----
Dodging        | 3 4 5 |  5.3
Ranged Weapons | 5 |  5.0
Fighting       | 2 |  2.0
Stealth        | |  1.5

Action                     |  1- 3 |  4- 6 || total
---------------------------+-------+-------++-------
   Fire: Shortbow          |   130 |   103 ||   233
    Use: Scroll            |     3 |     6 ||     9
         Potion            |     1 |       ||     1
 Armour: Robe              |     9 |     6 ||    15
  Dodge: Dodged            |    63 |    32 ||    95

Table legend:
 A = Non-vault XP
 B = Vault XP
 C = Vault XP percentage of total XP
 D = Non-vault monster count
 E = Vault monster count
 F = Vault count percentage of total count
                 A         B        C        D         E       F
            +---------+---------+-------+---------+---------+-------
      Total |     203 |       3 |   1.5 |      75 |       2 |   2.6
            +---------+---------+-------+---------+---------+-------
        D:1 |      61 |       3 |   4.7 |      35 |       2 |   5.4
        D:2 |      63 |       0 |   0.0 |      21 |       0 |   0.0
        D:3 |      37 |       0 |   0.0 |      17 |       0 |   0.0
        D:4 |      42 |       0 |   0.0 |       2 |       0 |   0.0
            +---------+---------+-------+---------+---------+-------
